AoeStats
← AOELG_bravedave92

Scandinavia

510497754Analyzed
1v1 RM · 2d ago on Oct 1, 2026· 37m 34s· 2 players
Game mode
Random Map
Map size
Tiny (2 player)
Population
200
Speed
Normal
Resources
Standard
Victory
Conquest
Starting age
Dark Age
Ending age
Imperial Age
RankedLock teamsTeams togetherTeam positionsShared explorationLock speedFull tech treeHidden civsTurbo modeCheats
Victory
Defeat
🇩🇪 Vikings · Germany
885
+17
🇹🇷 Celts · Türkiye
908
-17
AOELG_bravedave92
7:46 Loom
10:48 Feudal Age
11:50 Double-Bit Axe
12:41 Man-at-Arms
19:03 Forging
18:57 Scale Mail Armor
18:51 Fishing Lines
21:31 Castle Age
20:32 Fletching
21:40 Horse Collar
21:38 Long Swordsman
25:06 Gillnets
26:22 Iron Casting
26:04 Chain Mail Armor
26:42 Bodkin Arrow
27:51 Padded Archer Armor
27:15 Elite Skirmisher
27:52 Arson
33:59 Imperial Age
34:00 Bow Saw
34:56 Chieftains
35:02 Gold Mining
36:02 Conscription
35:09 Capped Ram
36:00 Bracer
37:03 Blast Furnace
37:28 Plate Mail Armor
Yüce Ahmet
0:28 Loom
13:50 Feudal Age
14:17 Double-Bit Axe
15:09 Wheelbarrow
16:53 Man-at-Arms
19:01 Horse Collar
20:53 Stone Mining
24:33 Castle Age
22:30 Fishing Lines
23:27 Forging
24:00 Scale Mail Armor
30:15 Gold Mining
30:52 Pikeman
31:32 Light Cavalry
36:21 Imperial Age
35:05 Bow Saw
36:25 Cavalier
Connection lost

Rejoining the realm…

Still unreachable

The connection could not be restored.

Session expired

The server has moved on; the page needs a fresh start.